 Dungeon Crawl Stone Soup version 0.31-a0-486-g8d68a81214 (webtiles) character file.

Game seed: 15738780988947275610

100 CraigForest the Shooter (level 5, -1/39 HPs)
             Began as a Formicid Hunter on Aug 7, 2023.
             Slain by a cerulean imp
             ... wielding a +2 spear
             ... summoned by Natasha
              (4 damage)
             ... on level 3 of the Dungeon.
             The game lasted 00:06:37 (1861 turns).

CraigForest the Shooter (Formicid Hunter)           Turns: 1861, Time: 00:06:38

Health: -1/39      AC:  6    Str: 15    XL:     5   Next: 3%
Magic:  5/5        EV: 11    Int:  9    God:
Gold:   109        SH:  0    Dex: 19    Spells: 4/4 levels left

rFire   . . .        r - +1 shortbow (heavy)
rCold   . . .        (no shield)
rNeg    + . .        f - +0 ring mail
rPois   .            (helmet unavailable)
rElec   .            (no cloak)
rCorr   .            (no gloves)
SInv    +            m - +0 pair of boots
Will    .....        (no amulet)
Stlth   +            o - ring of positive energy
HPRegen 0.26/turn    (no ring)
MPRegen 0.09/turn

%: no passive effects
@: no status effects
A: permanent stasis, dig shafts and tunnels, antennae 3, four strong arms
a: Dig, Shaft Self


You were on level 3 of the Dungeon.
You visited 1 branch of the dungeon, and saw 3 of its levels.

You collected 211 gold pieces.
You spent 102 gold pieces at shops.

Inventory:

Hand Weapons
 a - a +0 shortbow
 r - a +1 heavy shortbow (weapon)
Missiles
 x - 2 atropa-tipped darts
Armour
 c - a +0 leather armour
 f - a +0 ring mail (worn)
 h - a +0 chain mail
 m - a +0 pair of boots (worn)
 p - the +0 robe "Weosa" {rC+++}
   (You found it on level 2 of the Dungeon)

   rC:        It renders you almost immune to cold.
Jewellery
 o - a ring of positive energy (left hand)
Scrolls
 b - a scroll of butterflies
 d - a scroll of acquirement {unknown}
 e - a scroll of identify {unknown}
 g - 2 scrolls of revelation {unknown}
 i - a scroll of immolation {unknown}
 l - a scroll of blinking {unknown}
 s - 2 scrolls of poison {unknown}
 t - a scroll of enchant armour {unknown}
 w - 2 scrolls of amnesia {unknown}
Potions
 j - a potion of magic {unknown}
 k - a potion of curing {unknown}
 n - a potion of mutation {unknown}
 q - a potion of enlightenment {unknown}
 u - a potion of resistance {unknown}
 v - a potion of heal wounds {unknown}


   Skills:
 + Level 2.6 Fighting
 * Level 5.7 Ranged Weapons
 + Level 1.9 Dodging
 + Level 1.3 Stealth


You had 4 spell levels left.
You didn't know any spells.
Your spell library was empty.

Dungeon Overview and Level Annotations

Branches:
Dungeon (3/15)

Altars:

Shops:
D:1 (

Annotations:
D:3 Natasha


Innate Abilities, Weirdness & Mutations

You cannot be hasted, slowed, berserked, paralysed or teleported.
You can dig through walls and to a lower floor.
You have a pair of large antennae on your head. (SInv)
Your four strong arms can wield two-handed weapons with a shield.


Message History

You shoot an arrow. The arrow closely misses Natasha.
You shoot an arrow. The arrow closely misses Natasha.
Natasha claws you.
You shoot an arrow. The arrow hits Natasha.
Natasha is moderately wounded.
Natasha claws you.
You shoot an arrow. The arrow hits Natasha.
Natasha is heavily wounded.
Natasha barely misses you.
Natasha casts a spell.
You shoot an arrow. The arrow misses Natasha.
The arrow barely misses the cerulean imp.
Natasha casts a spell.
The cerulean imp hits you from afar with a +2 spear.
Natasha claws you but does no damage.
You shoot an arrow.
The arrow hits Natasha but does no damage.
Natasha is heavily wounded.
The cerulean imp barely misses you. Natasha claws you.
The cerulean imp closely misses you. x2; Natasha claws you.
You shoot an arrow. The arrow hits Natasha.
Natasha is almost dead.
The cerulean imp hits you with a +2 spear.
The cerulean imp hits you but does no damage.
Natasha closely misses you.
The cerulean imp hits you with a +2 spear.
The cerulean imp hits you but does no damage.
Natasha stares at you and mumbles some strange words.
The magic dart hits you!
* * * LOW HITPOINT WARNING * * *
You are too injured to fight recklessly!
You shoot an arrow. The arrow closely misses Natasha.
The arrow hits the cerulean imp.
The cerulean imp is lightly wounded.
The cerulean imp hits you with a +2 spear.
* * * LOW HITPOINT WARNING * * *
The cerulean imp hits you but does no damage.
Natasha claws you.
* * * LOW HITPOINT WARNING * * *
The cerulean imp hits you with a +2 spear.
You die...

#.# #.# #.# #.# #.#
#5# #h# .# #@# .#
#....# #5# ### .#
#....# #.# #.# .#
#....# #.# #.#
.###....########.###.#
..........>..........#
........##.#####.###.#
......#.#..# #.# #.#
....###....# #.# #.#


You could see Natasha and 2 cerulean imps.

Vanquished Creatures
  4 adders (D:2)
  4 dart slugs
  An orc (D:3)
  3 bats
  7 endoplasms
  3 giant cockroaches
  7 hobgoblins
  2 jackals (D:1)
  3 kobolds
  4 quokkas
  3 ball pythons
  2 frilled lizards
  3 goblins
  5 rats
51 creatures vanquished.

Notes
Turn   | Place    | Note
-------+----------+-------------------------------------------
     0 | D:1      | CraigForest the Formicid Hunter began the quest for the
                  | Orb.
     0 | D:1      | Reached XP level 1. HP: 16/16 MP: 1/1
   101 | D:1      | Reached XP level 2. HP: 21/22 MP: 2/2
   206 | D:1      | Found Xyhos's Antique Weapon Shoppe.
   241 | D:1      | Found a faded altar of an unknown god.
   256 | D:1      | Reached XP level 3. HP: 24/28 MP: 3/3
   672 | D:2      | Reached skill level 5 in Ranged Weapons
   757 | D:2      | Reached XP level 4. HP: 31/34 MP: 4/4
   759 | D:2      | Identified the +0 robe "Weosa" {rC+++}
   937 | D:1      | Bought a runed shortbow for 102 gold pieces
  1796 | D:3      | Reached XP level 5. HP: 39/39 MP: 5/5
  1852 | D:3      | Noticed Natasha
  1861 | D:3      | Slain by a cerulean imp

Illustrated notes

Levels and vault maps discovered:
D:1:      elethiomel_arrival_infinity_welcomes_careful_drivers, layout_rooms,
          ebering_ecumenical_altar_abandoned, serial_shops, shop_statue
D:2:      layout_loops_cross
D:3:      layout_basic, amcnicky_mini_corridor_feature, uniq_natasha

Skill      XL: |  1  2  3 |
---------------+----------+-----
Ranged Weapons | 5 |  5.7
Fighting       | |  2.6
Dodging        | |  1.9
Stealth        | |  1.3

Action                     |  1- 3 |  4- 6 || total
---------------------------+-------+-------++-------
   Fire: Shortbow          |    66 |    64 ||   130
 Armour: Ring mail         |     6 |    15 ||    21
         Leather armour    |     1 |       ||     1
  Dodge: Dodged            |     8 |    29 ||    37

Table legend: (Time is in decaauts)
 A = Elapsed time spent in this place.
 B = Non-inter-level travel time spent in this place.
 C = Inter-level travel time spent in this place.
 D = Time resting spent in this place.
 E = Time spent auto-exploring this place.
 F = Levels seen in this place.
 G = Mean time per level.
                   A        B        C        D        E       F      G
               +--------+--------+--------+--------+--------+-----+--------+
         Total |   1923 |   1769 |    154 |      0 |   1303 |   3 |  641.0 |
       Dungeon |   1923 |   1769 |    154 |      0 |   1303 |   3 |  641.0 |
               +--------+--------+--------+--------+--------+-----+--------+

Top non-repeatable levels by time:
     D:2: 879 daAuts
     D:1: 705 daAuts
     D:3: 338 daAuts
